 Dungeon Crawl Stone Soup version 0.17.0-26-gececa24 (webtiles) character file.

5280 oplop the Fighter (level 10, -27/93 HPs)
             Began as a Minotaur Fighter on Nov 20, 2015.
             Was a Follower of Qazlal.
             Annihilated by a hill giant
             ... wielding a +0 giant club
              (34 damage)
             ... on level 11 of the Dungeon.
             The game lasted 00:15:13 (7356 turns).

oplop the Fighter (Minotaur Fighter)                Turns: 7356, Time: 00:15:14

Health: -27/93     AC: 16    Str: 22    XL:     10   Next: 37%
Magic:  9/9        EV: 11    Int:  5    God:    Qazlal [*.....]
Gold:   361        SH: 13    Dex: 12    Spells: 0 memorised, 9 levels left

rFire  . . .     SeeInvis .     q - +3 falchion (slice)
rCold  . . .     Clarity  .     b - +1 scale mail
rNeg   + . .     SustAt   .     c - +0 shield
rPois  .         Gourm    .     (helmet restricted)
rElec  .         Spirit   .     J - +1 cloak
rCorr  .         Warding  .     (no gloves)
rMut   .         Stasis   .     F - +0 pair of boots (curse)
MR     .....                    (no amulet)
Stlth  ..........               y - ring of positive energy
                                K - +3 ring of protection

@: not resistant to hostile enchantments, extremely unstealthy
A: retaliatory headbutt, horns 2
a: Renounce Religion


You were on level 11 of the Dungeon.
You worshipped Qazlal.
Qazlal was aware of your devotion.
You were not hungry.

You visited 2 branches of the dungeon, and saw 11 of its levels.

You collected 361 gold pieces.

Inventory:

Hand Weapons
 a - a +0 long sword
 q - a +3 falchion of slicing (weapon)
Missiles
 r - 5 javelins (quivered)
Armour
 b - a +1 scale mail (worn)
 c - a +0 shield (worn)
 F - a cursed +0 pair of boots (worn)
 J - a +1 cloak (worn)
Jewellery
 j - a +2 ring of intelligence
 y - a ring of positive energy (right hand)
 K - a +3 ring of protection (left hand)
Wands
 x - a wand of flame (48)
 B - a wand of cold (6)
 E - a wand of disintegration (12)
 H - a wand of paralysis (11)
 I - a wand of digging (12)
Scrolls
 f - 3 scrolls of blinking
 i - 6 scrolls of remove curse
 k - a scroll of enchant armour
 l - 6 scrolls of identify
 p - 3 scrolls of recharging
 v - 3 scrolls of noise
 w - a scroll of teleportation {unknown}
Potions
 d - 3 potions of might
 h - a potion of agility {unknown}
 m - a potion of heal wounds
 o - 2 potions of lignification {unknown}
 z - a potion of degeneration {unknown}
 A - a potion of haste {unknown}
 C - a potion of cancellation
 D - a potion of flight {unknown}
 G - 2 potions of resistance {unknown}
Books
 g - a book of the Sky

   Spells                             Type                      Level
   a - Summon Lightning Spire         Summoning/Air                4
   b - Airstrike                      Air                          4
   c - Silence                        Hexes/Air                    5
   d - Deflect Missiles               Charms/Air                   6
   e - Conjure Ball Lightning         Conjuration/Air              6
   f - Tornado                        Air                          9
 n - a book of the Tempests

   Spells                             Type                      Level
   a - Static Discharge               Conjuration/Air              3
   b - Lightning Bolt                 Conjuration/Air              5
   c - Fireball                       Conjuration/Fire             5
   d - Tornado                        Air                          9
   e - Shatter                        Earth                        9
 L - a book of Alchemy

   Spells                             Type                      Level
   a - Sublimation of Blood           Necromancy                   2
   b - Ignite Poison                  Fire/Transmutation/Poison    3
   c - Alistair's Intoxication        Transmutation/Poison         4
   d - Condensation Shield            Ice                          4
   e - Petrify                        Transmutation/Earth          4
   f - Irradiate                      Conjuration/Transmutation    5
Comestibles
 e - 4 bread rations
 s - 11 fruits
 t - 2 beef jerkies
 u - 5 meat rations


   Skills:
 + Level 10.3 Fighting
 + Level 9.6 Long Blades
 - Level 9.1 Armour
 + Level 4.4 Dodging
 - Level 9.0 Shields


You had 9 spell levels left.
You didn't know any spells.

Dungeon Overview and Level Annotations

Branches:
Dungeon (11/15)            Temple (1/1) D:5            Lair (0/8) D:11
    Orc: D:9-12

Altars:
Ashenzari
Cheibriados
Dithmenos
Elyvilon
Fedhas
Gozag
Kikubaaqudgha
Makhleb
Nemelex Xobeh
Okawaru
Qazlal
Ru
Sif Muna
Trog
Vehumet
Xom
Yredelemnul
Zin
The Shining One

Annotations:
D:5 1 exclusion


Innate Abilities, Weirdness & Mutations

You reflexively headbutt those who attack you in melee.
You have a pair of horns on your head.


Message History

The hill giant is heavily wounded.
The hill giant closely misses you.
You barely miss the hill giant.
The hill giant is heavily wounded.
You completely miss the hill giant. You headbutt the hill giant.
The hill giant is severely wounded.
The hill giant hits you with a giant club!!
You slash the hill giant! You headbutt the hill giant.
The hill giant is almost dead.
The hill giant hits you with a giant club!!
* * * LOW HITPOINT WARNING * * *
You are too injured to fight recklessly!
Evoke which item? (* to show all) (? for menu, Esc to quit)
Zapping:
E - a wand of disintegration {zapped: 5} (will waste charges)
Press: ? - help, Shift-Dir - straight line, f - hill giant
Aim: a hill giant, wielding a giant club (almost dead, chance to defeat MR: 48%)
The hill giant resists with some effort.
Evoking this partially-identified wand wasted a few charges.
The hill giant hits you with a giant club!!
You die...

#. #.........# #...
#.........## ..+...
+...........
###.....#####...........
#.........##?...........
...........#............
................§.....#
.....>..........@C....#
...).....P......).....'.
...P.......#######....#.
#......)[.##.....######
###....)####......#
#.....##÷.))#######
#.....##.)).##...#
#................#
.................#


You could see a hill giant.

Vanquished Creatures
  The ghost of McCoppin the Fighter, a novice TeAM of Okawaru (D:8)
  The ghost of SaintRoka the Cudgeler, a novice NaGl of Okawaru (D:6)
  Joseph (D:8)
  A deep elf mage (D:11)
  2 hippogriffs (D:8)
  2 wargs (D:11)
  2 orc warriors
  A sky beast (D:6)
  2 black bears
  A phantom (D:5)
  A necrophage (D:11)
  4 ogres
  2 centaurs
  Blork the orc (D:5)
  5 giant frogs
  3 killer bees (D:7)
  A scorpion (D:4)
  8 wights
  A quasit (D:8)
  2 crimson imps
  A jelly (D:9)
  2 giant frog skeletons
  Ijyb (D:3)
  A gnoll shaman (D:5)
  3 hounds
  4 orc priests
  A centaur zombie (D:5)
  4 worker ants
  Natasha (thrice) (D:3 D:4)
  2 iguanas
  7 orc wizards
  A worker ant zombie (D:11)
  10 gnolls
  3 adders
  An ooze (D:1)
  An adder skeleton (D:4)
  An adder zombie (D:8)
  3 worms
  4 giant geckos
  19 orcs
  5 ball pythons
  5 bats
  6 giant cockroaches
  17 hobgoblins
  3 quokkas
  A giant gecko skeleton (D:4)
  10 giant newts
  20 goblins
  13 jackals
  2 jackal zombies
  6 kobolds
  7 rats
209 creatures vanquished.

Notes
Turn   | Place    | Note
--------------------------------------------------------------
     0 | D:1      | oplop the Minotaur Fighter began the quest for the Orb.
     0 | D:1      | Reached XP level 1. HP: 19/19 MP: 0/0
   122 | D:1      | Reached XP level 2. HP: 17/27 MP: 1/1
   156 | D:1      | Reached skill level 4 in Armour
   465 | D:1      | Reached XP level 3. HP: 33/33 MP: 2/2
   843 | D:2      | Reached XP level 4. HP: 34/41 MP: 3/3
   963 | D:3      | Noticed Ijyb
   972 | D:3      | Killed Ijyb
  1061 | D:3      | Noticed Natasha
  1076 | D:3      | Killed Natasha
  1076 | D:3      | Reached skill level 5 in Fighting
  1076 | D:3      | Reached XP level 5. HP: 26/48 MP: 4/4
  1717 | D:4      | Reached skill level 5 in Shields
  1737 | D:4      | Reached skill level 5 in Armour
  1839 | D:4      | Noticed Natasha
  1843 | D:4      | Killed Natasha
  1961 | D:4      | Reached XP level 6. HP: 49/56 MP: 5/5
  2314 | D:4      | Noticed Natasha
  2318 | D:4      | Killed Natasha
  2691 | D:5      | Entered Level 5 of the Dungeon
  2857 | D:5      | Reached skill level 6 in Fighting
  2857 | D:5      | Reached XP level 7. HP: 24/63 MP: 6/6
  3200 | D:5      | Found a staircase to the Ecumenical Temple.
  3236 | D:5      | Noticed Blork the orc
  3242 | D:5      | Killed Blork the orc
  3357 | D:6      | Reached skill level 5 in Long Blades
  3382 | D:6      | Reached XP level 8. HP: 57/71 MP: 7/7
  3441 | D:6      | Reached skill level 7 in Armour
  3496 | D:6      | Found a sparkling altar of Nemelex Xobeh.
  3689 | D:6      | Noticed SaintRoka's ghost (novice NaGl)
  3720 | D:6      | Killed SaintRoka's ghost
  3751 | D:6      | Reached skill level 8 in Armour
  4091 | D:6      | Reached XP level 9. HP: 62/81 MP: 8/8
  5712 | D:8      | Reached skill level 9 in Armour
  6023 | Temple   | Entered the Ecumenical Temple
  6177 | Temple   | Became a worshipper of Qazlal Stormbringer
  6254 | D:8      | Noticed McCoppin's ghost (novice TeAM)
  6604 | D:8      | Killed McCoppin's ghost
  6625 | D:8      | Noticed Joseph
  6633 | D:8      | Killed Joseph
  6633 | D:8      | Reached XP level 10. HP: 85/92 MP: 9/9
  6683 | D:8      | Found an iron altar of Okawaru.
  6842 | D:8      | Found a glowing golden altar of the Shining One.
  7019 | D:9      | You fall through a shaft for 2 floors!
  7039 | D:11     | Found a staircase to the Lair.
  7045 | D:11     | Reached skill level 10 in Fighting
  7321 | D:11     | Reached * piety under Qazlal
  7344 | D:11     | Noticed a hill giant
  7356 | D:11     | Annihilated by a hill giant

Action                   |  1- 3 |  4- 6 |  7- 9 | 10-12 || total
-------------------------+-------+-------+-------+-------++-------
Melee: Long sword        |    97 |       |       |       ||    97
       Falchion          |    18 |   186 |   275 |    80 ||   559
Evoke: Wand              |       |       |       |     3 ||     3
  Use: Scroll            |       |     9 |       |       ||     9
       Potion            |       |       |     2 |     1 ||     3
  Eat: Chunk             |       |     6 |     6 |       ||    12
       Bread ration      |       |       |     1 |       ||     1
       Royal jelly       |       |       |     1 |       ||     1
       Pizza             |       |       |       |     3 ||     3
